 Dungeon Crawl Stone Soup version 0.20.1-1-g8b1a95d (webtiles) character file.

977 HessuHobo the Cleaver (level 7, -5/63 HPs)
             Began as a Minotaur Fighter on Oct 26, 2017.
             Killed from afar by an orc wizard (10 damage)
             ... with a puff of flame
             ... on level 6 of the Dungeon.
             The game lasted 00:06:17 (3338 turns).

HessuHobo the Cleaver (Minotaur Fighter)            Turns: 3338, Time: 00:06:18

Health: -5/63      AC: 10    Str: 23    XL:     7   Next: 95%
Magic:  6/6        EV:  6    Int:  5    God:
Gold:   212        SH:  0    Dex:  9    Spells: 6/6 levels left

rFire    . . .     SeeInvis .   a - +0 war axe
rCold    . . .     Gourm    .   c - +0 shield
rNeg     . . .     Faith    .   u - +0 chain mail
rPois    .         Spirit   .   (helmet restricted)
rElec    .         Reflect  .   (no cloak)
rCorr    .         Harm     .   (no gloves)
MR       .....                  (no boots)
Stlth    ..........             (no amulet)
Regen    0.2/turn               (no ring)
MPRegen  0.1/turn               (no ring)

@: confused, very slightly contaminated, invisible
A: retaliatory headbutt, horns 2
a: no special abilities


You were on level 6 of the Dungeon.
You were not hungry.

You visited 1 branch of the dungeon, and saw 6 of its levels.

You collected 212 gold pieces.

Inventory:

Hand Weapons
 a - a +0 war axe (weapon)
 i - a +1 dagger of flaming
 r - a cursed -2 flail
Armour
 c - a +0 shield (worn)
 u - a +0 chain mail (worn)
Jewellery
 w - an uncursed ring of positive energy {unknown}
 B - a cursed ring of protection from fire {unknown}
Wands
 b - a wand of random effects (23/48)
 E - a wand of flame (28/48)
 F - a wand of iceblast (7/15)
Scrolls
 h - 3 scrolls of remove curse {unknown}
 n - a scroll of enchant weapon {unknown}
 o - 5 scrolls of identify {unknown}
 p - 2 scrolls of blinking {unknown}
 v - a scroll of magic mapping {unknown}
 A - 3 scrolls of teleportation {unknown}
 D - 2 scrolls of fear {unknown}
Potions
 e - a potion of invisibility
 k - a potion of flight {unknown}
 l - a potion of lignification {unknown}
 m - 4 potions of curing {unknown}
 q - a potion of mutation {unknown}
 s - a potion of agility {unknown}
 t - 2 potions of heal wounds {unknown}
 x - a potion of haste {unknown}
 C - a potion of ambrosia {unknown}
Books
 f - a book of Changes

   Spells                             Type                      Level
   a - Beastly Appendage              Transmutation                1
   b - Sticks to Snakes               Transmutation                2
   c - Spider Form                    Transmutation/Poison         3
   d - Ice Form                       Ice/Transmutation            4
   e - Blade Hands                    Transmutation                5
Comestibles
 g - 4 fruits
 j - 3 royal jellies
 z - a meat ration


   Skills:
 + Level 6.3 Fighting
 + Level 8.5 Axes
 + Level 5.9 Armour
 + Level 1.3 Dodging
 + Level 0.3 Stealth
 - Level 3.6 Shields


You had 6 spell levels left.
You didn't know any spells.

Dungeon Overview and Level Annotations

Branches:
Dungeon (6/15)
 Temple: D:4-7

Altars:
Ashenzari
Cheibriados
Fedhas
Kikubaaqudgha
Qazlal
Zin
The Shining One


Innate Abilities, Weirdness & Mutations

You reflexively headbutt those who attack you in melee.
You have a pair of horns on your head.


Message History

You hear some strange, mumbled words.
You are confused.
You bump into the rock wall.
A jelly comes into view.
The orc warrior hits you with a hand axe!
* * * LOW HITPOINT WARNING * * *
You hear some strange, mumbled words.
A magic dart appears from out of thin air!
The magic dart hits you!
* * * LOW HITPOINT WARNING * * *
It was a potion of invisibility.
You fade into invisibility!
The orc warrior barely misses you.
You are very lightly contaminated with residual magic.
You closely miss something. You headbutt something.
You barely miss the orc warrior. You completely miss the orc wizard.
The orc warrior hits you but does no damage.
The orc wizard gestures at you while chanting.
The puff of flame hits you!
You die...

#. ........ #.
###...# ##.## .
#.... ...# .#
##..# #..# .#
#... ######..#
.# #..#
.!....).#####.#
#..#
#.†..o....####
#.†#
#.>.Jo@.......
##..#
###.##########
##.#.#
#..........
##.....
#..########
##..###. #..#
#.#.# #.
#######..#
##..###.
.........#
##.....
########.#
##.#.. #.#
##.#.


You could see an orc warrior, a jelly and an orc wizard.

Vanquished Creatures
  The ghost of karf the Cleaver, a novice DrFi (D:5)
  An ice beast (D:6)
  An ogre (D:5)
  A scorpion (D:4)
  A howler monkey (D:6)
  A crimson imp (D:5)
  An orc wizard (D:5)
  A hound (D:6)
  An orc priest (D:5)
  A worker ant (D:5)
  3 adders
  An ooze (D:4)
  5 worms
  2 dart slugs
  4 leopard geckos
  9 orcs
  7 bats
  7 giant cockroaches
  5 goblins
  4 hobgoblins
  6 jackals
  5 kobolds
  A quokka (D:5)
  3 ball pythons
  7 frilled lizards
  8 rats
87 creatures vanquished.

Notes
Turn   | Place    | Note
-------+----------+-------------------------------------------
     0 | D:1      | HessuHobo the Minotaur Fighter began the quest for the Orb.
     0 | D:1      | Reached XP level 1. HP: 19/19 MP: 0/0
   180 | D:1      | Reached XP level 2. HP: 27/27 MP: 1/1
   470 | D:1      | Found a snail-covered altar of Cheibriados.
  1032 | D:2      | Reached skill level 3 in Axes
  1032 | D:2      | Reached XP level 3. HP: 33/33 MP: 2/2
  1613 | D:3      | Reached XP level 4. HP: 39/40 MP: 3/3
  1852 | D:3      | Found a glowing golden altar of the Shining One.
  2140 | D:4      | Reached skill level 4 in Axes
  2438 | D:4      | Found a blossoming altar of Fedhas.
  2586 | D:4      | Reached XP level 5. HP: 47/47 MP: 4/4
  2741 | D:5      | Entered Level 5 of the Dungeon
  2770 | D:5      | Found an ancient bone altar of Kikubaaqudgha.
  2855 | D:5      | Noticed karf's ghost (novice DrFi)
  2870 | D:5      | Killed karf's ghost
  2870 | D:5      | Reached skill level 5 in Fighting
  2870 | D:5      | Reached skill level 7 in Axes
  2870 | D:5      | Reached skill level 5 in Armour
  2870 | D:5      | Reached skill level 1 in Dodging
  2870 | D:5      | Reached XP level 6. HP: 47/57 MP: 5/5
  2870 | D:5      | Reached XP level 7. HP: 51/62 MP: 6/6
  3056 | D:5      | Found a stormy altar of Qazlal.
  3075 | D:5      | Found a shattered altar of Ashenzari.
  3224 | D:6      | Reached skill level 8 in Axes
  3283 | D:6      | Found a glowing silver altar of Zin.
  3338 | D:6      | Killed from afar by an orc wizard

Skill      XL: |  1  2  3  4  5  6  7 |
---------------+----------------------+-----
Armour         | 4 5 |  5.9
Fighting       | 4 5 6 |  6.3
Axes           | 3 4 7 8 |  8.5
Dodging        | 1 |  1.3
Stealth        | |  0.3
Shields        | |  3.6

Action                   |  1- 3 |  4- 6 |  7- 9 || total
-------------------------+-------+-------+-------++-------
Melee: War axe           |    95 |    91 |    43 ||   229
       Headbutt          |     7 |    13 |     9 ||    29
  Use: Potion            |       |     1 |     2 ||     3
       Scroll            |       |       |     1 ||     1
  Eat: Bread ration      |     2 |       |       ||     2
       Chunk             |     1 |       |       ||     1
Armor: Scale mail        |    26 |    11 |       ||    37
       Chain mail        |       |    35 |    18 ||    53
Dodge: Dodged            |    36 |    17 |    10 ||    63
Block: Shield            |    38 |    47 |    23 ||   108
